 Dungeon Crawl Stone Soup version 0.25.0-9-g26727b657a (webtiles) character file.

Game seed: 12864495498781372239

22899 Iago the Thaumaturge (level 13, -15/88 HPs)
             Began as a Gnoll Air Elementalist on June 12, 2020.
             Was a Priest of Hepliaklqana.
             Demolished by a skeletal warrior
             ... wielding a +0 trident
              (23 damage)
             ... on level 15 of the Dungeon on June 17, 2020.
             The game lasted 05:14:33 (26314 turns).

Iago the Thaumaturge (Gnoll Air Elementalist)      Turns: 26314, Time: 05:14:36

Health: -15/88     AC: 10    Str: 12    XL:     13   Next: 3%
Magic:  18/26      EV: 22    Int: 22    God:    Hepliaklqana [***...]
Gold:   254        SH:  6    Dex: 15    Spells: 2/30 levels left

rFire    . . .     SeeInvis .   a - +2 long sword (flame)
rCold    . . .     Gourm    .   u - +0 buckler
rNeg     . . .     Faith    .   L - +0 steam dragon scales
rPois    .         Spirit   .   E - +0 helmet
rElec    .         Reflect  .   B - +0 cloak
rCorr    .         Harm     .   (no gloves)
MR       .....                  N - +0 pair of boots
Stlth    ++++......             Y - amulet of magic regeneration
HPRegen  0.24/turn              l - ring of wizardry
MPRegen  0.45/turn              V - +4 ring of evasion

@: very slightly contaminated, invisible
A: distributed training, reduced essence, fangs 1, strong nose
a: Recall Ancestor, Ancestor Identity, Transference, Renounce Religion


You were on level 15 of the Dungeon.
You worshipped Hepliaklqana.
Hepliaklqana was most pleased with you.
You were not hungry.

You visited 2 branches of the dungeon, and saw 16 of its levels.
You also visited: Ossuary.

You collected 959 gold pieces.
You spent 705 gold pieces at shops.

Inventory:

Hand Weapons
 a - a +2 long sword of flaming (weapon)
Missiles
 b - 222 stones (quivered)
 p - 11 silver boomerangs
 q - 5 boomerangs
 v - 57 poisoned darts
 X - 6 silver javelins
Armour
 u - a +0 buckler (worn)
 B - a +0 cloak (worn)
 E - a +0 helmet (worn)
 L - +0 steam dragon scales (worn)
 N - a +0 pair of boots (worn)
 O - +0 acid dragon scales
 S - a +0 troll leather armour
 U - a +2 kite shield of protection
 W - +0 ice dragon scales
Jewellery
 d - an uncursed ring of see invisible
 g - an uncursed ring of protection from fire
 l - a ring of wizardry (left hand)
 z - an uncursed ring of flight
 V - a +4 ring of evasion (right hand)
 Y - an amulet of magic regeneration (around neck)
Wands
 j - a wand of disintegration (5)
 y - a wand of paralysis (9)
 C - a wand of acid (3)
 F - a wand of iceblast (5)
Scrolls
 f - 4 scrolls of teleportation
 h - 3 scrolls of magic mapping {unknown}
 i - 3 scrolls of enchant weapon
 k - 4 scrolls of fog
 m - a scroll of noise {unknown}
 r - 3 scrolls of fear {unknown}
 s - 6 scrolls of remove curse
 D - 2 scrolls of random uselessness {unknown}
 H - 4 scrolls of identify
 I - 3 scrolls of enchant armour {unknown}
 K - a scroll of torment {unknown}
 Z - a scroll of acquirement {unknown}
Potions
 e - 4 potions of might
 n - a potion of heal wounds {unknown}
 o - 3 potions of lignification {unknown}
 t - 10 potions of curing
 w - a potion of flight {unknown}
 x - a potion of cancellation {unknown}
 G - a potion of stabbing {unknown}
 J - 2 potions of mutation {unknown}
 M - a potion of magic {unknown}
 Q - a potion of haste {unknown}
 T - a potion of ambrosia {unknown}
Miscellaneous
 R - a box of beasts
Comestibles
 c - 2 rations


   Skills:
 + Level 7.7 Fighting
 + Level 7.7 Short Blades
 + Level 7.7 Long Blades
 + Level 7.7 Axes
 + Level 7.7 Maces & Flails
 + Level 7.7 Polearms
 + Level 7.7 Staves
 + Level 7.7 Slings
 + Level 7.7 Bows
 + Level 7.7 Crossbows
 + Level 7.7 Throwing
 + Level 7.7 Armour
 + Level 9.1 Dodging
 + Level 8.9 Stealth
 + Level 7.7 Shields
 + Level 7.7 Unarmed Combat
 + Level 9.3 Spellcasting
 + Level 6.8 Conjurations
 + Level 6.4 Hexes
 + Level 6.4 Charms
 + Level 6.4 Summonings
 + Level 6.4 Necromancy
 + Level 6.4 Translocations
 + Level 6.4 Transmutations
 + Level 6.4 Fire Magic
 + Level 6.4 Ice Magic
 + Level 8.5 Air Magic
 + Level 6.4 Earth Magic
 + Level 6.4 Poison Magic
 + Level 8.4 Invocations
 + Level 7.7 Evocations


You had 2 spell levels left.
You knew the following spells:

 Your Spells              Type           Power        Failure   Level  Hunger
a - Shock                 Conj/Air       ####         1%          1    None
b - Swiftness             Chrm/Air       #####...     1%          2    None
c - Summon Butterflies    Summ           #####...     1%          1    None
d - Summon Ice Beast      Ice/Summ       #####...     1%          4    ##.....
e - Airstrike             Air            #####.....   1%          4    ##.....
f - Static Discharge      Conj/Air       #####...     1%          3    None
g - Gell's Gravitas       Tloc           #####.....   1%          3    None
h - Petrify               Tmut/Erth      #####...     1%          4    ##.....
i - Statue Form           Tmut/Erth      #####....    26%         6    ######.

Your spell library contained the following spells:

 Spells                   Type           Power        Failure   Level  Hunger
 Animate Skeleton         Necr           N/A          1%          1    None
 Apportation              Tloc           #####.       1%          1    None
 Corona                   Hex            #####..      1%          1    None
 Summon Small Mammal      Summ           ####         1%          1    None
 Call Canine Familiar     Summ           #####...     1%          3    None
 Confusing Touch          Hex            #####...     1%          3    None
 Lightning Bolt           Conj/Air       #####.....   3%          5    ####...
 Irradiate                Conj/Tmut      #####.....   4%          5    ####...
 Metabolic Englaciation   Hex/Ice        #####.....   5%          5    ####...
 Summon Mana Viper        Hex/Summ       #####...     5%          5    ####...
 Yara's Violent Unravell  Hex/Tmut       #####.....   5%          5    ####...
 Hydra Form               Tmut           #####.....   26%         6    ######.
 Dragon Form              Tmut           #####.....   80%         7    #######
 Summon Hydra             Summ           #####.....   80%         7    #######


Dungeon Overview and Level Annotations

Branches:
Dungeon (15/15)            Temple (1/1) D:6            Lair (0/6) D:8
    Orc (0/2) D:10         Vaults (0/5) D:14        Ossuary (visited)
 Depths: D:15

Altars:
Ashenzari
Cheibriados
Dithmenos
Elyvilon
Fedhas
Gozag
Hepliaklqana
Kikubaaqudgha
Makhleb
Nemelex Xobeh
Okawaru
Qazlal
Ru
Sif Muna
Trog
Uskayaw
Vehumet
Wu Jian
Xom
Yredelemnul
Zin
The Shining One

Shops:
D:4 (   D:8 *   D:9 (   D:13 *%

Portals:
Trove: D:12 (give 7 potions of haste)

Annotations:
D:5 3 runed translucent doors, exclusions: kobold, player ghost and 1 more exclusion, Prince Ribbit; windycow's ghost, novice GrFi
D:9 exclusion: door
D:10 3 runed translucent doors, exclusion: 3 doors, Skimidon's ghost, novice MiFi
D:11 Fannar
D:12 Snorg
D:13 exclusion: 2 downstairs
D:14 exclusions: death knight, door, hog, vault guard and 16 more exclusions, Kirke


Innate Abilities, Weirdness & Mutations

Your experience applies equally to all skills.
You have very sharp teeth.
Your uncanny sense of smell can sniff out nearby items.
Your life essence is reduced to manifest your ancestor. (-10% HP)


Message History

The skeletal warrior is lightly damaged.
The vampire mosquito misses you.
You riposte.
You miss the vampire mosquito. You block the bullfrog's attack.
The vampire mosquito misses you.
The skeletal warrior hits you with a +0 war axe!
* * * LOW HITPOINT WARNING * * *
The bullfrog misses you. The skeletal warrior misses you.
Your ice beast hits the vampire mosquito.
Your ice beast freezes the vampire mosquito!
The four-headed hydra completely misses you.
The four-headed hydra bites you.
* * * LOW HITPOINT WARNING * * *
The four-headed hydra barely misses you.
The four-headed hydra completely misses you.
The vampire mosquito closely misses your ice beast.
The bullfrog barely misses you.
You riposte.
You barely miss the bullfrog.
The bullfrog is almost dead.
The vampire mosquito bites your ice beast!
The skeletal warrior misses you.
The skeletal warrior hits you from afar with a +0 trident!!
You die...

∆
#.#############
#.....z@F......
:......Dy......
.......z.Y.....
.........Z.####
.......8...#
....%......#
####......##
#...####


You could see a four-headed hydra, 2 skeletal warriors, a vampire mosquito, a
bullfrog, a centaur warrior zombie (wandering) and a friendly ice beast
(summoned).

Vanquished Creatures
  A catoblepas (D:14)
  A vault guard (D:14)
  A tengu warrior (D:14)
  Pikel (D:6)
  An ugly thing (D:13)
  A cyclops (D:14)
  6 centaur skeletons
  2 gargoyles (D:13)
  Maggie (D:7)
  2 freezing wraiths (D:14)
  2 trolls (D:13)
  4 hippogriffs
  2 meliai zombies
  A vampire (D:14)
  A centaur simulacrum (D:12)
  A spriggan (D:7)
  A wraith (D:13)
  2 shadows
  A wyvern (D:11)
  2 fire bats (D:10)
  8 yaks
  2 hungry ghosts
  A steam dragon (D:8)
  An acid dragon (D:14)
  A hell hound (D:10)
  3 ice beasts
  2 orc warriors
  3 slaves
  6 sky beasts
  2 black bears (D:8)
  A necrophage (D:5)
  3 phantoms
  An ogre (D:7)
  A crocodile (D:10)
  3 big kobolds
  3 elf zombies (Ossuary)
  A gnoll sergeant (D:8)
  5 bullfrogs
  3 scorpions
  A wyvern skeleton (D:8)
  5 killer bees
  An electric eel (D:8)
  5 wights (D:10)
  8 howler monkeys
  5 crimson imps
  3 bullfrog zombies
  4 centaur zombies
  A human zombie (Ossuary)
  2 orc priests
  4 hounds
  3 jellies
  A gnoll shaman (D:6)
  3 orc wizards
  4 iguanas
  7 worker ants
  A big kobold zombie (Ossuary)
  A hound skeleton (D:7)
  3 hound zombies
  2 mummies (Ossuary)
  A worker ant zombie (D:10)
  2 howler monkey skeletons (D:6)
  8 adders
  16 gnolls
  2 shadow imps
  An ooze (D:1)
  2 adder zombies
  2 adder skeletons
  3 dart slugs (D:1)
  7 leopard geckos
  26 orcs
  5 giant cockroaches
  12 goblins
  6 hobgoblins
  3 jackals (D:7)
  3 quokkas
  2 ball pythons (D:1)
  12 bats
  15 frilled lizards
  4 goblin zombies (Ossuary)
  10 hobgoblin zombies (Ossuary)
  2 jackal skeletons (D:5)
  A jackal zombie (Ossuary)
  17 kobolds
  6 kobold zombies (Ossuary)
  A leopard gecko skeleton (D:6)
  8 orc zombies (Ossuary)
  8 rats
  A rat zombie (Ossuary)
  A spectral orc (D:6)
335 creatures vanquished.

Vanquished Creatures (collateral kills)
  7 two-headed ogres
  A wizard (D:9)
  2 ugly things
  A salamander (shapeshifter) (D:14)
  A centaur zombie (D:14)
  A hornet (D:12)
  3 hippogriffs
  4 hogs
  A basilisk (D:14)
  2 fire bats (D:10)
  7 yaks
  A naga (shapeshifter) (D:14)
  3 orc warriors
  A phantom (D:11)
  An ogre (D:13)
  A black bear (D:9)
  2 centaurs
  A wyvern zombie (D:13)
  A scorpion (D:13)
  A killer bee (D:10)
  A bullfrog zombie (D:13)
  3 crimson imps
  2 bullfrog skeletons
  3 orc priests
  3 hounds
  A jelly (D:10)
  An iguana (D:13)
  3 orc wizards
  2 worker ants
  2 adders
  A shadow imp (D:14)
  11 orcs
  2 kobolds (D:8)
77 creatures vanquished.

Vanquished Creatures (others)
  8 hexers
  10 ancestors
  2 fungi (D:5)
  2 plants (D:5)
22 creatures vanquished.

Grand Total: 434 creatures vanquished

Notes
Turn   | Place    | Note
-------+----------+-------------------------------------------
     0 | D:1      | Iago the Gnoll Air Elementalist began the quest for the
                  | Orb.
     0 | D:1      | Reached XP level 1. HP: 13/13 MP: 6/6
   203 | D:1      | Reached XP level 2. HP: 19/19 MP: 4/7
   263 | D:1      | Upgraded the game from 0.25-b1-50-g7b83aa72e5 to
                  | 0.25.0-1-g7eea58d2a3
   517 | D:1      | Reached XP level 3. HP: 17/25 MP: 1/9
   520 | D:1      | Reached skill level 5 in Spellcasting
   915 | D:1      | Reached skill level 1 in Invocations
  1272 | D:2      | Reached skill level 1 in Fighting
  1272 | D:2      | Reached skill level 1 in Short Blades
  1272 | D:2      | Reached skill level 1 in Long Blades
  1272 | D:2      | Reached skill level 1 in Axes
  1272 | D:2      | Reached skill level 1 in Maces & Flails
  1272 | D:2      | Reached skill level 1 in Polearms
  1272 | D:2      | Reached skill level 1 in Staves
  1272 | D:2      | Reached skill level 1 in Slings
  1272 | D:2      | Reached skill level 1 in Bows
  1272 | D:2      | Reached skill level 1 in Crossbows
  1272 | D:2      | Reached skill level 1 in Throwing
  1272 | D:2      | Reached skill level 1 in Armour
  1272 | D:2      | Reached skill level 1 in Shields
  1272 | D:2      | Reached skill level 1 in Unarmed Combat
  1272 | D:2      | Reached skill level 1 in Evocations
  1392 | D:2      | Learned a level 2 spell: Swiftness
  1430 | D:2      | Reached XP level 4. HP: 28/32 MP: 11/11
  2920 | D:3      | Reached skill level 1 in Hexes
  2920 | D:3      | Reached skill level 1 in Charms
  2920 | D:3      | Reached skill level 1 in Summonings
  2920 | D:3      | Reached skill level 1 in Necromancy
  2920 | D:3      | Reached skill level 1 in Translocations
  2920 | D:3      | Reached skill level 1 in Transmutations
  2920 | D:3      | Reached skill level 1 in Fire Magic
  2920 | D:3      | Reached skill level 1 in Ice Magic
  2920 | D:3      | Reached skill level 1 in Earth Magic
  2920 | D:3      | Reached skill level 1 in Poison Magic
  3298 | D:4      | Reached XP level 5. HP: 37/37 MP: 7/12
  3568 | D:4      | Found Fiamn's Weapon Shop.
  3582 | D:4      | Noticed a sky beast
  3713 | D:4      | Reached XP level 6. HP: 44/44 MP: 6/13
  3898 | D:4      | Killed a sky beast
  3898 | D:4      | Reached skill level 5 in Dodging
  4462 | D:5      | Entered Level 5 of the Dungeon
  4464 | D:5      | Found a sand-covered staircase.
  4469 | D:5      | Noticed a necrophage
  4473 | Ossuary  | Entered an ossuary
  4788 | Ossuary  | Reached XP level 7. HP: 27/50 MP: 4/15
  5054 | Ossuary  | HP: 1/50 [elf zombie (4)]
  5060 | Ossuary  | HP: 1/51 [big kobold zombie (1)]
  5596 | D:5      | Reached skill level 5 in Stealth
  5607 | D:5      | Noticed Pikel
  5805 | D:5      | Noticed Prince Ribbit
  5897 | D:4      | HP: 2/51 [slave[Pikel] (5)]
  6493 | D:5      | Found a glowing silver altar of Zin.
  6578 | D:6      | Reached XP level 8. HP: 39/57 MP: 12/16
  6646 | D:6      | Found a staircase to the Ecumenical Temple.
  6735 | Temple   | Entered the Ecumenical Temple
  7337 | D:6      | Found a basalt altar of Yredelemnul.
  8383 | D:7      | Noticed a spriggan baker
  8396 | D:7      | Killed a spriggan baker
  8651 | D:7      | Reached XP level 9. HP: 51/65 MP: 18/18
  9419 | D:7      | Noticed Maggie
  9556 | D:7      | Killed Maggie
  9685 | D:7      | Learned a level 1 spell: Summon Butterflies
  9690 | D:7      | Learned a level 4 spell: Summon Ice Beast
  9695 | D:7      | Learned a level 4 spell: Airstrike
  9699 | D:7      | Learned a level 3 spell: Static Discharge
 10566 | D:8      | Reached skill level 5 in Invocations
 10669 | D:8      | Reached XP level 10. HP: 44/73 MP: 20/20
 10800 | D:8      | Upgraded the game from 0.25.0-1-g7eea58d2a3 to
                  | 0.25.0-3-gd7cc5688da
 11605 | D:8      | Reached skill level 5 in Fighting
 11605 | D:8      | Reached skill level 5 in Short Blades
 11605 | D:8      | Reached skill level 5 in Long Blades
 11605 | D:8      | Reached skill level 5 in Axes
 11605 | D:8      | Reached skill level 5 in Maces & Flails
 11605 | D:8      | Reached skill level 5 in Polearms
 11605 | D:8      | Reached skill level 5 in Staves
 11605 | D:8      | Reached skill level 5 in Slings
 11605 | D:8      | Reached skill level 5 in Bows
 11605 | D:8      | Reached skill level 5 in Crossbows
 11605 | D:8      | Reached skill level 5 in Throwing
 11605 | D:8      | Reached skill level 5 in Armour
 11605 | D:8      | Reached skill level 5 in Shields
 11605 | D:8      | Reached skill level 5 in Unarmed Combat
 11605 | D:8      | Reached skill level 5 in Evocations
 11878 | D:9      | Noticed a two-headed ogre
 11900 | D:10     | Entered Level 10 of the Dungeon
 11995 | D:10     | Noticed a two-headed ogre
 12083 | D:10     | Noticed Skimidon's ghost (novice MiFi)
 12106 | D:10     | Found a runed translucent gate.
 12106 | D:10     | Found a runed translucent gate.
 12106 | D:10     | Found a runed translucent gate.
 12822 | D:8      | Found Fyq Cuf's Assorted Antiques.
 13003 | Temple   | Became a worshipper of Hepliaklqana the Forgotten
 13223 | D:8      | Found a staircase to the Lair.
 13242 | D:8      | Learned a level 3 spell: Gell's Gravitas
 13926 | D:9      | Found Vuastoicli's Weapon Emporium.
 13952 | D:9      | Noticed a wizard
 13968 | D:9      | Killed a wizard
 13968 | D:9      | Reached skill level 5 in Conjurations
 13971 | D:9      | Noticed a large abomination
 14061 | D:9      | Killed a two-headed ogre
 14536 | D:10     | Found a staircase to the Orcish Mines.
 14904 | D:10     | Reached * piety under Hepliaklqana
 14946 | D:10     | Reached XP level 11. HP: 69/72 MP: 11/22
 16318 | D:11     | Reached ** piety under Hepliaklqana
 16515 | D:11     | Reached skill level 5 in Hexes
 16515 | D:11     | Reached skill level 5 in Charms
 16515 | D:11     | Reached skill level 5 in Summonings
 16515 | D:11     | Reached skill level 5 in Necromancy
 16515 | D:11     | Reached skill level 5 in Translocations
 16515 | D:11     | Reached skill level 5 in Transmutations
 16515 | D:11     | Reached skill level 5 in Fire Magic
 16515 | D:11     | Reached skill level 5 in Ice Magic
 16515 | D:11     | Reached skill level 5 in Earth Magic
 16515 | D:11     | Reached skill level 5 in Poison Magic
 16803 | D:11     | Noticed Fannar
 16931 | D:12     | Noticed Snorg
 18051 | D:13     | Noticed a two-headed ogre
 18080 | D:13     | Killed a two-headed ogre
 18256 | D:13     | Noticed a two-headed ogre
 18273 | D:13     | Killed a two-headed ogre
 18392 | D:13     | Found Dutase's Food Boutique.
 18407 | D:13     | Noticed a two-headed ogre
 18416 | D:13     | Killed a two-headed ogre
 18736 | D:14     | Noticed Kirke
 18748 | D:14     | Noticed a manticore
 18886 | D:13     | Upgraded the game from 0.25.0-3-gd7cc5688da to
                  | 0.25.0-9-g26727b657a
 18945 | D:13     | Found Moosk's Changing Room.
 19317 | D:14     | Remembered your ancestor Ntombi as a hexer
 19328 | D:14     | Reached XP level 12. HP: 80/80 MP: 16/24
 19751 | D:13     | Bought a ration for 50 gold pieces
 19751 | D:13     | Bought a ration for 50 gold pieces
 20104 | D:14     | Reached *** piety under Hepliaklqana
 20129 | D:14     | Noticed a catoblepas
 20150 | D:14     | Killed a catoblepas
 20707 | D:14     | Noticed a tengu warrior
 20730 | D:14     | Killed a tengu warrior
 21037 | D:14     | Found a gate to the Vaults.
 21037 | D:14     | Noticed a vault guard
 21549 | D:13     | Noticed a two-headed ogre
 21558 | D:13     | Killed a two-headed ogre
 21689 | D:14     | Noticed a death knight
 21957 | D:14     | Killed a vault guard
 22812 | D:13     | Learned a level 4 spell: Petrify
 23064 | D:6      | Killed Pikel
 23160 | D:5      | Found a sparkling altar of Nemelex Xobeh.
 23167 | D:5      | Found a blossoming altar of Fedhas.
 23167 | D:5      | Found a burning altar of Makhleb.
 23167 | D:5      | Found a white marble altar of Elyvilon.
 23342 | D:5      | Found a runed translucent gate.
 23342 | D:5      | Found a runed translucent gate.
 23342 | D:5      | Found a runed translucent gate.
 23344 | D:5      | Noticed windycow's ghost (novice GrFi)
 23344 | D:5      | Identified the +10 short sword of Propriety {venom, Dex+2}
 23727 | D:10     | Killed a two-headed ogre
 25134 | D:12     | Noticed a two-headed ogre
 25162 | D:12     | Killed a two-headed ogre
 25215 | D:12     | Found a portal to a secret trove of treasure.
 25675 | D:13     | Reached XP level 13. HP: 88/88 MP: 23/26
 25903 | D:13     | Bought a book of Transfigurations for 605 gold pieces
 25910 | D:13     | Learned a level 6 spell: Statue Form
 26295 | D:15     | Entered Level 15 of the Dungeon
 26314 | D:15     | Demolished by a skeletal warrior

Illustrated notes

Levels and vault maps discovered:
D:1:      psy_arrival_radial01, layout_loops_cross, serial_bayou_pond_d,
          st_stairs_11
D:2:      layout_loops_corners
D:3:      layout_basic, minmay_lizard_king
D:4:      layout_basic, first_ration, serial_shops, kennysheep_mini
D:5:      layout_cave_pools, zin_statuary, grunt_temple_overflow_open,
          nicolae_ossuary_entry_monument, gammafunk_ghost_nasty_kobolds,
          uniq_prince_ribbit1, uniq_pikel
D:6:      layout_basic, yredelemnul_forgotten_temple_becter,
          minmay_temple_entry_trees
D:7:      layout_basic, the_bakery, uniq_maggie
D:8:      layout_basic, lair_entry_dummy, serial_shops, nicolae_shop_crystal
D:9:      layout_basic, serial_shops, nicolae_shop_window_shopping,
          hangedman_abyss_or_decor_passed, laboratory
D:10:     layout_loops_corners, orc_0_dummy, gammafunk_ghost_icy,
          hangedman_incinerator
D:11:     layout_basic, minmay_fractal_squares_diagonal_5, uniq_fannar
D:12:     layout_roguey, enter_trove_2, mrwooster_statue_mirror, uniq_snorg
D:13:     layout_roguey, serial_shops, shop, nicolae_transmutations_shop
D:14:     layout_irregular_city, david_vaults_5, serial_bayou_pond_e,
          minmay_misc_feat_tower, drop_trap, uniq_kirke
D:15:     hangedman_depths_entry_civil_slaughter, layout_irregular_city,
          serial_undead, serial_undead_c, serial_undead_c, serial_undead_b,
          serial_undead_d, serial_undead_f, serial_undead_d, basic_altar
Temple:   eino_temple_rhombus

Skill      XL: |  1  2  3  4  5  6  7  8  9 10 11 12 |
---------------+-------------------------------------+-----
Conjurations   | 2 3 4 5 6 |  6.8
Spellcasting   | 5 6 7 8 9 |  9.3
Invocations    | 1 2 3 4 5 6 7 8 |  8.4
Fighting       | 1 2 3 4 5 6 7 |  7.7
Short Blades   | 1 2 3 4 5 6 7 |  7.7
Long Blades    | 1 2 3 4 5 6 7 |  7.7
Axes           | 1 2 3 4 5 6 7 |  7.7
Maces & Flails | 1 2 3 4 5 6 7 |  7.7
Polearms       | 1 2 3 4 5 6 7 |  7.7
Staves         | 1 2 3 4 5 6 7 |  7.7
Slings         | 1 2 3 4 5 6 7 |  7.7
Bows           | 1 2 3 4 5 6 7 |  7.7
Crossbows      | 1 2 3 4 5 6 7 |  7.7
Throwing       | 1 2 3 4 5 6 7 |  7.7
Armour         | 1 2 3 4 5 6 7 |  7.7
Shields        | 1 2 3 4 5 6 7 |  7.7
Unarmed Combat | 1 2 3 4 5 6 7 |  7.7
Evocations     | 1 2 3 4 5 6 7 |  7.7
Hexes          | 1 2 3 4 5 6 |  6.4
Charms         | 1 2 3 4 5 6 |  6.4
Summonings     | 1 2 3 4 5 6 |  6.4
Necromancy     | 1 2 3 4 5 6 |  6.4
Translocations | 1 2 3 4 5 6 |  6.4
Transmutations | 1 2 3 4 5 6 |  6.4
Fire Magic     | 1 2 3 4 5 6 |  6.4
Ice Magic      | 1 2 3 4 5 6 |  6.4
Earth Magic    | 1 2 3 4 5 6 |  6.4
Poison Magic   | 1 2 3 4 5 6 |  6.4
Dodging        | 5 6 7 8 9 |  9.1
Stealth        | 5 6 7 8 |  8.9
Air Magic      | 6 7 8 |  8.5

Action                   |  1- 3 |  4- 6 |  7- 9 | 10-12 | 13-15 || total
-------------------------+-------+-------+-------+-------+-------++-------
Melee: Unarmed           |     4 |       |    46 |       |       ||    50
       Short sword       |    15 |    90 |   177 |       |       ||   282
       Bite              |     2 |     9 |    28 |    95 |     1 ||   135
       Club              |     1 |       |       |       |       ||     1
       Punch             |       |       |     1 |       |       ||     1
       Long sword        |       |       |    74 |   607 |    17 ||   698
Throw: Stone             |     1 |    19 |     1 |    49 |       ||    70
       Boomerang         |       |       |     5 |       |       ||     5
       Dart              |       |       |     8 |     4 |       ||    12
       Throwing net      |       |       |       |     2 |       ||     2
 Cast: Shock             |    50 |    79 |   148 |   171 |       ||   448
       Swiftness         |     1 |     1 |     1 |     2 |       ||     5
       Static Discharge  |       |       |     2 |       |       ||     2
       Summon Butterflie |       |       |       |    23 |       ||    23
       Summon Ice Beast  |       |       |       |    89 |     5 ||    94
       Airstrike         |       |       |       |    11 |       ||    11
Invok: Ancestor Life: He |       |       |       |     1 |       ||     1
       Recall Ancestor   |       |       |       |     2 |       ||     2
Evoke: Wand              |       |     1 |    16 |     8 |     1 ||    26
       Box of beasts     |       |       |       |     1 |       ||     1
  Use: Scroll            |       |     2 |     1 |     5 |       ||     8
       Potion            |       |       |     2 |     2 |     1 ||     5
 Stab: Sleeping          |     1 |     2 |     3 |     9 |       ||    15
       Paralysed         |       |     2 |     6 |    15 |       ||    23
       Distracted        |       |       |       |     5 |       ||     5
       Confused          |       |       |       |    10 |       ||    10
       Invisible         |       |       |       |       |     2 ||     2
  Eat: Chunk             |     1 |     7 |     6 |    14 |       ||    28
       Ration            |       |     1 |     6 |    12 |     1 ||    20
Armor: Robe              |    10 |    14 |    10 |       |       ||    34
       Leather armour    |       |       |     8 |       |       ||     8
       Steam dragon scal |       |       |    21 |   156 |     1 ||   178
Dodge: Dodged            |    23 |    75 |   230 |   461 |    30 ||   819
Block: Buckler           |       |       |    26 |   177 |     9 ||   212
       Rpst.: Long sword |       |       |    19 |   118 |     7 ||   144
